 Dungeon Crawl Stone Soup version 0.17.0-22-g5edae84 (webtiles) character file.

973 septik the Grappler (level 8, -2/69 HPs)
             Began as a Naga Fighter on Nov 12, 2015.
             Was a Follower of Cheibriados.
             Slain by an orc
             ... wielding a +0 dagger
              (4 damage)
             ... on level 5 of the Dungeon.
             The game lasted 00:12:11 (5873 turns).

septik the Grappler (Naga Fighter)                  Turns: 5873, Time: 00:12:11

Health: -2/69      AC: -8    Str: 28    XL:     8   Next: 16%
Magic:  8/8        EV:  5    Int: 11    God:    Cheibriados [*.....]
Gold:   218        SH:  9    Dex: 12    Spells: 0 memorised, 7 levels left

rFire  . . .     SeeInvis +       - Unarmed
rCold  . . .     Clarity  .     a - +0 scale mail
rNeg   . . .     SustAt   .     b - +0 shield
rPois  +         Gourm    .     (no helmet)
rElec  .         Spirit   .     y - +0 cloak
rCorr  .         Warding  .     (no gloves)
rMut   .         Stasis   .     (no barding)
MR     +....                    (no amulet)
Stlth  ..........               (no ring)
                                (no ring)

@: mighty, corroded equipment, very slow, somewhat resistant to hostile
enchantments, extremely unstealthy
A: see invisible, deformed body, poison resistance, slowness 2, slow metabolism
1, spit poison 2, AC +2
a: Spit Poison, Bend Time, Renounce Religion


You were on level 5 of the Dungeon.
You worshipped Cheibriados.
Cheibriados was aware of your devotion.
You were not hungry.

You visited 1 branch of the dungeon, and saw 5 of its levels.

You collected 218 gold pieces.

Inventory:

Hand Weapons
 t - a +0 blowgun
 v - a +0 hunting sling
Missiles
 i - 96 stones (quivered)
 j - 5 javelins of returning
 x - 13 poisoned needles
 B - 48 sling bullets
Armour
 a - a +0 scale mail (worn)
 b - a +0 shield (worn)
 y - a +0 cloak (worn)
Magical Staves
 E - an uncursed staff of fire {unknown}
Jewellery
 e - an uncursed amulet of the gourmand {unknown}
 f - a +5 ring of evasion {unknown}
Scrolls
 g - a scroll of teleportation {unknown}
 h - 5 scrolls of remove curse {unknown}
 k - a scroll of enchant weapon {unknown}
 n - a scroll of random uselessness {unknown}
 o - a scroll of enchant armour {unknown}
 s - 3 scrolls of magic mapping {unknown}
 u - 4 scrolls of identify {unknown}
 w - 4 scrolls of amnesia {unknown}
Potions
 c - 2 potions of might
 p - a potion of ambrosia {unknown}
 q - a potion of lignification {unknown}
 r - 2 potions of cancellation {unknown}
 z - a potion of flight {unknown}
 A - a potion of heal wounds {unknown}
 D - a potion of resistance {unknown}
Comestibles
 d - 5 bread rations
 l - a beef jerky
 m - a meat ration


   Skills:
 - Level 3.0 Fighting
 - Level 2.4 Armour
 - Level 2.4 Shields
 + Level 9.4 Unarmed Combat


You had 7 spell levels left.
You didn't know any spells.

Dungeon Overview and Level Annotations

Branches:
Dungeon (5/15)             Temple (0/1) D:4

Altars:
Cheibriados
Nemelex Xobeh
Sif Muna
Vehumet


Innate Abilities, Weirdness & Mutations

You cannot wear boots.
Your serpentine skin is tough (AC +2).
You have supernaturally acute eyesight.
Armour fits poorly on your strangely shaped body.
Your system is resistant to poisons.
You cover ground very slowly.
You have a slow metabolism.
You can spit poison.


Message History

The jelly is moderately wounded.
The jelly hits you.
* * * LOW HITPOINT WARNING * * *
You are splashed with acid!
The acid corrodes you!
The acid burns!
* * * LOW HITPOINT WARNING * * *
You block the orc's attack.
Drink which item? (? for menu, Esc to quit)
You feel very mighty all of a sudden.
You have got your breath back.
The jelly barely misses you. You block the orc's attack.
You pummel the jelly!!
Your hands burn!
* * * LOW HITPOINT WARNING * * *
The jelly is severely wounded.
You block the jelly's attack. The orc hits you with a dagger.
* * * LOW HITPOINT WARNING * * *
You punch the jelly! The acid corrodes you!
Your hands burn!
* * * LOW HITPOINT WARNING * * *
The jelly is almost dead.
The jelly completely misses you. The orc hits you with a dagger.
You die...

#......<......
#..(.......... ....
##............. .....
..>............ ......
#......................
#......................
#....J)o...............
#.....@................
#......................
#....^.................
#......................
#............).........
#.............<........
#......................
#......................
#......................


You could see a jelly and an orc.

Vanquished Creatures
  Eustachio (D:5)
  An ice beast (D:5)
  An ogre (D:5)
  A scorpion (D:4)
  A crimson imp (D:5)
  An orc priest (D:5)
  2 centaur skeletons (D:5)
  3 orc wizards
  2 iguanas (D:4)
  3 worker ants (D:4)
  2 hound skeletons (D:4)
  9 adders
  4 gnolls
  A shadow imp (D:5)
  2 adder skeletons (D:4)
  5 worms
  3 giant geckos
  5 orcs
  4 bats
  8 hobgoblins
  17 jackals
  9 kobolds
  A quokka (D:4)
  6 giant cockroaches
  A giant gecko zombie (D:4)
  6 giant newts (D:1)
  10 goblins
  A jackal skeleton (D:4)
  6 rats
116 creatures vanquished.

Notes
Turn   | Place    | Note
--------------------------------------------------------------
     0 | D:1      | septik the Naga Fighter began the quest for the Orb.
     0 | D:1      | Reached XP level 1. HP: 21/21 MP: 1/1
   305 | D:1      | Reached XP level 2. HP: 22/28 MP: 2/2
   630 | D:1      | Reached XP level 3. HP: 32/34 MP: 3/3
  1414 | D:1      | Reached skill level 4 in Unarmed Combat
  1701 | D:2      | Reached XP level 4. HP: 40/42 MP: 4/4
  2079 | D:2      | Found a sparkling altar of Nemelex Xobeh.
  2083 | D:2      | Found a radiant altar of Vehumet.
  2088 | D:2      | Found a deep blue altar of Sif Muna.
  2148 | D:2      | Reached skill level 5 in Unarmed Combat
  2173 | D:2      | Reached XP level 5. HP: 35/49 MP: 5/5
  4110 | D:4      | Reached skill level 6 in Unarmed Combat
  4110 | D:4      | Reached XP level 6. HP: 51/56 MP: 6/6
  4590 | D:4      | Found a snail-covered altar of Cheibriados.
  4594 | D:4      | Became a worshipper of Cheibriados the Contemplative
  4894 | D:4      | Found a staircase to the Ecumenical Temple.
  4954 | D:4      | Reached skill level 7 in Unarmed Combat
  5127 | D:4      | Reached XP level 7. HP: 47/62 MP: 7/7
  5236 | D:5      | Entered Level 5 of the Dungeon
  5250 | D:4      | Reached skill level 8 in Unarmed Combat
  5484 | D:5      | Reached * piety under Cheibriados
  5517 | D:5      | Noticed Eustachio
  5534 | D:5      | Killed Eustachio
  5716 | D:5      | Reached skill level 9 in Unarmed Combat
  5716 | D:5      | Reached XP level 8. HP: 69/69 MP: 8/8
  5873 | D:5      | HP: 2/69 [acid (4)]
  5873 | D:5      | Slain by an orc

Action                   |  1- 3 |  4- 6 |  7- 9 || total
-------------------------+-------+-------+-------++-------
Melee: Unarmed           |   179 |   323 |    87 ||   589
 Fire: Blowgun           |       |     1 |       ||     1
Throw: Stone             |       |    11 |       ||    11
 Abil: Spit Poison       |     6 |    30 |    11 ||    47
  Use: Potion            |       |       |     1 ||     1
  Eat: Chunk             |     2 |    11 |     3 ||    16
